Unix NetHack Version 5.0.0-0 post-release - last build May 23 2026 06:08:33 (1c0ff79ee797540d5714e4e18072db0edd9e58ae,branch:main).

Game began 2026-05-27 07:02:18, ended 2026-05-27 07:13:56.

Atomicjoy, chaotic male elven Wizard

                        ---------     -------                  -------
                        |.......| ####-.....|                  |.....|
                        |........##   |.....|      ############......|
 ----------             |.......|   `#-.....|      #           |.....|
 |........|             |.......|   # |..<..|      #           -----|-
 |.........##           |.......| ### |.....|                      ##
 |........| #           |.......| #   ----|--                      #
 |........| #           -----.--- #       #                       ##
 |........| #              ###  ###       #                 ------.-------
 --------.- #             ##    #         #                #-............|
         #  ##           ##    ##         ##               #|............|
         #   #         ###    ##         --.---            #|..^.........|
         ########`######      #          |....|       ######|............|
             #   #   #       ##          |)...|    ####     |..........>.|
             #---.---.-------#           |@...|   ##        --------------
             #..........{...|#           |.....####
              |.............-#           |....|
              |.............|            ------
              ---------------

Atomicjoy the Evoker      St:10 Dx:10 Co:16 In:17 Wi:11 Ch:12  Chaotic
Dlvl:3  $:73 HP:4(14) Pw:8(8) AC:8  Xp:1/0 T:1070  Burdened

Latest messages:
 You see here 2 gold pieces.
 $ - 2 gold pieces (73 in total).
 The kitten bites the acid blob.
 The kitten misses the acid blob.
 The kitten misses the acid blob.
 The kitten bites the acid blob.
 The acid blob is killed!
 An arrow shoots out at you!
 You are hit by an arrow.
 N - an arrow.
 O - 7 arrows.
 P - 7 throwing stars.
 The door opens.
 You see here 2 food rations.
 You have a little trouble lifting 2 food rations.  Continue? [ynq] (q) y
 You learn more about your items by comparing them.
 You have a little trouble lifting v - 2 uncursed food rations (6 in total).
 Your movements are slowed slightly because of your load.
 You swap places with your kitten.
 What do you want to put on? [eCL or ?*] ?
 e - an uncursed +1 ring of gain strength (on left hand).
 Your movements are now unencumbered.
 You descend the stairs.
 The hobbit wields a dagger!
 The gnome picks up a gem.
 The hobbit throws a dagger!
 You are hit by a dagger.
 You have a little trouble lifting a dagger.  Continue? [ynq] (q) y
 You have a little trouble lifting Q - a dagger.
 Your movements are slowed slightly because of your load.
 The dwarf throws a dagger!
 The dagger misses the hobbit.
 You are hit by a dagger.
 You have a little trouble lifting Q - a dagger (2 in total).
 The kitten bites the gnome.
 The hobbit hits!
 The gnome throws a dart!
 The dart misses the kitten.
 You are hit by a dart.
 The kitten misses the hobbit.
 You climb up the stairs.
 Are you sure you want to pray? [yn] (n) y
 You begin praying to Anhur.
 You finish your prayer.
 The voice of Anhur booms out: 
 "Thou art arrogant, mortal."
 "Thou must relearn thy lessons!"
 You feel foolish!
 Really quit without saving? [yn] (n) y
 Do you want your possessions identified? [ynq] (y) q

Inventory:
 Coins    ('$')
  $ - 73 gold pieces
 Weapons  (')')
  N - a +0 arrow
  O - 7 cursed +0 arrows
  u - 8 blessed +0 darts
  P - 7 cursed +0 shuriken
  Q - 2 +0 daggers
  F - a +0 orcish dagger
  a - a blessed +1 quarterstaff (weapon in hands)
 Armor    ('[')
  G - an uncursed +0 orcish helm (being worn)
  b - an uncursed +0 cloak of magic resistance (being worn)
 Comestibles  ('%')
  v - 6 uncursed food rations
  K - an uncursed sprig of wolfsbane
  y - a cursed egg
  A - 2 uncursed lichen corpses
 Scrolls  ('?')
  i - an uncursed scroll of confuse monster
  I - a blessed scroll of destroy armor
  k - an uncursed scroll of destroy armor
  j - an uncursed scroll of scare monster
 Spellbooks  ('+')
  p - an uncursed spellbook of create monster
  m - an uncursed spellbook of detect unseen
  l - a blessed spellbook of force bolt
 Potions  ('!')
  M - an uncursed potion of blindness
  r - an uncursed potion of extra healing
  q - an uncursed potion of healing
  E - a cursed potion of healing
  t - an uncursed potion of levitation
  z - a blessed potion of oil
  h - 3 potions of holy water
 Rings    ('=')
  L - a cursed -1 ring of adornment
  e - an uncursed +1 ring of gain strength (on left hand)
  C - a blessed +1 ring of increase accuracy
  d - an uncursed ring of slow digestion (on right hand)
 Wands    ('/')
  c - a wand of digging (0:8)
 Tools    ('(')
  o - an uncursed wooden harp
  n - a magic marker (0:20)
  J - an uncursed stethoscope
  D - 3 uncursed tallow candles
 Gems/Stones  ('*')
  s - an uncursed agate stone
  x - a cursed worthless piece of yellow glass
  w - 2 uncursed worthless pieces of yellowish brown glass

Atomicjoy the Wizard's attributes:

Background:
 You were an Evoker, a level 1 male elven Wizard.
 You were chaotic, on a mission for Anhur
 who was opposed by Ptah (lawful) and Thoth (neutral).
 You were right-handed.
 You were in the Dungeons of Doom, on level 3.
 You entered the dungeon 1070 turns ago.
 You had 0 experience points, 20 were needed to attain level 2.

Basics:
 You had 4 out of 14 hit points.
 You had all 8 energy points (spell power).
 Your armor class was 8.
 Your wallet contained 73 zorkmids.
 Autopickup was off.

Final Characteristics:
 Your strength was 10 (base:9, limit:18).
 Your dexterity was 10 (limit:18).
 Your constitution was 16 (limit:16).
 Your intelligence was 17 (limit:20).
 Your wisdom was 11 (peak:12, limit:20).
 Your charisma was 12 (limit:18).

Final Status:
 You weren't hungry.
 You were burdened; movement was slightly slowed.
 You were wielding a quarterstaff.
 You had basic skill with quarterstaff.

Final Attributes:
 You were fervently aligned.
 You were magic-protected.
 You had infravision.
 You had slower digestion.
 You were warded.
 You were unlucky.
 Anhur was angry with you.
 You survived.

Miscellaneous:
 You didn't encounter any bones levels.
 Total elapsed playing time was 11 minutes and 37 seconds.

Major events:
 Turn
    1: Atomicjoy the chaotic male elven Wizard entered the dungeon
  883: entered the Gnomish Mines
 1070: quit

Spells:
 Name                 Level Category     Fail Retention
 force bolt             1   attack         0%  91%-100%
 detect unseen          3   divination   100%  76%-100%
 create monster         2   clerical      72%  76%-100%

Skills:
 Fighting Skills
   bare handed combat [Unskilled]
   riding             [Unskilled]
 Weapon Skills
   dagger             [Unskilled]
   knife              [Unskilled]
   axe                [Unskilled]
   short sword        [Unskilled]
   club               [Unskilled]
   mace               [Unskilled]
   quarterstaff       [Basic]
   polearms           [Unskilled]
   spear              [Unskilled]
   trident            [Unskilled]
   sling              [Unskilled]
   dart               [Unskilled]
   shuriken           [Unskilled]
 Spellcasting Skills
   attack spells      [Basic]
   healing spells     [Unskilled]
   divination spells  [Unskilled]
   enchantment spells [Basic]
   clerical spells    [Unskilled]
   escape spells      [Unskilled]
   matter spells      [Unskilled]

Voluntary challenges:
 Character rerolling was not enabled.
 You never genocided any monsters.
 You never polymorphed an object.
 You never changed form.
 You used no wishes.
Achievement:
 You entered the Gnomish Mines.

 The Dungeons of Doom: levels 1 to 3
    Level 1:
       Some altars to Anhur, a fountain.
    Level 2:
       An altar.
    Level 3: <- You were here.
       A sink.
       Stairs down to The Gnomish Mines.
 The Gnomish Mines:
    Level 4:


Vanquished creatures:
 an acid blob
  2 gnomes
  3 jackals
  3 kobolds
  3 goblins
  2 grid bugs
  3 lichens
  a kobold zombie
  4 newts
22 creatures vanquished.

No species were genocided or became extinct.

Goodbye Atomicjoy the Wizard...

You quit in The Dungeons of Doom on dungeon level 3 with 247 points,
and 73 pieces of gold, after 1070 moves.
You were level 1 with a maximum of 14 hit points when you quit.

